 Dungeon Crawl Stone Soup version 0.31-a0-1308-ga3cce3a448 (webtiles) character file.

Game seed: 14925520647140006445

560 Turgor the Changeling (level 7, -1/52 HPs)
             Began as a Yellow Draconian Shapeshifter on Dec 19, 2023.
             Slain by Pikel
             ... wielding a +1 whip of flaming
              (2 damage)
             ... on level 5 of the Dungeon.
             The game lasted 00:07:55 (3737 turns).

Turgor the Changeling (DrSh)                        Turns: 3737, Time: 00:07:56

Health: -1/52      AC:  6    Str: 16    XL:     7   Next: 9%
Magic:  7/7        EV: 12    Int: 12    God:
Gold:   250        SH:  0    Dex: 11    Spells: 6/6 levels left

rFire   . .          .
                       - Unarmed
rCold   . . .        (no shield)
rNeg    . . .        (body armour unavailable)
rPois   +            (helmet currently unavailable)
rElec   .            (cloak currently unavailable)
rCorr   +            (gloves currently unavailable)
SInv    .            (boots currently unavailable)
Will    .....        (no amulet)
Stlth   +            p - ring of poison resistance
HPRegen 0.28/turn    (no ring)
MPRegen 0.10/turn

%: no passive effects
@: beast-form
A: beast (slay +3), spit acid, AC +6, unfitting armour, cold-blooded, acid
resistance
a: Breathe Acid, Begin Untransformation


You were on level 5 of the Dungeon.
You were a hulking beast.
You visited 1 branch of the dungeon, and saw 5 of its levels.

You collected 250 gold pieces.

Inventory:

Missiles
 k - 6 poisoned darts
Armour
 e - a +0 cloak
 g - a +0 buckler
 q - a +0 pair of gloves
Magical Staves
 h - a staff of death
 j - a staff of fire
Jewellery
 p - a ring of poison resistance (left hand)
 u - an amulet of faith
Talismans
 b - a beast talisman
 c - a flux talisman
Wands
 s - a wand of acid (6)
Scrolls
 i - a scroll of teleportation
 n - a scroll of torment {unknown}
 o - 3 scrolls of identify {unknown}
 r - a scroll of blinking {unknown}
 x - a scroll of enchant weapon {unknown}
Potions
 a - a potion of lignification
 d - 4 potions of curing {unknown}
 f - a potion of cancellation {unknown}
 l - 3 potions of degeneration {unknown}
 m - 3 potions of attraction {unknown}
 t - a potion of berserk rage {unknown}
 v - a potion of invisibility {unknown}
 w - a potion of heal wounds {unknown}


   Skills:
 - Level 1.1 Fighting
 - Level 1.7 Dodging
 + Level 5.2 Unarmed Combat
 * Level 6.4 Shapeshifting


You had 6 spell levels left.
You didn't know any spells.
Your spell library contained the following spells:

 Spells                   Type           Power      Damage    Failure   Level
 Magic Dart               Conj           0%         1d3       32%         1
 Call Imp                 Summ           0%         N/A       45%         2
 Mephitic Cloud           Conj/Pois/Air  0%         N/A       69%         3
 Conjure Ball Lightning   Conj/Air       0%         3x3d6     100%        6
 Discord                  Hex            0%         N/A       100%        8
 Disjunction              Tloc           0%         N/A       100%        8


Dungeon Overview and Level Annotations

Branches:
Dungeon (5/15)
 Temple: D:4-7

Altars:
Vehumet

Shops:
D:1 [   D:3 [

Annotations:
D:2 1 runed translucent door, Crazy Yiuf
D:5 Pikel


Innate Abilities, Weirdness & Mutations

You are a hulking beast.
Your limbs bulge with bestial killing power. (Slay +3)
You can spit globs of acid.
Your golden yellow scales are hard. (AC +6)
You cannot fit into any form of body armour.
You are cold-blooded and may be slowed by cold attacks.
You are resistant to acid. (rCorr)


Message History

Unknown command.
Unknown command.
Aiming: Corrosive Bolt
Press: ? - help, Shift-Dir - straight line, f/p - lemure
Aim: a lemure (moderately wounded, 64% to hit)
The bolt of acid hits Pikel!
The acid corrodes Pikel!
Pikel is moderately wounded.
The bolt of acid hits the lemure!
You kill the lemure!
That felt strangely unrewarding.
The bolt of acid hits the lemure!
The acid corrodes the lemure!
The lemure is almost dead.
Unknown command.
Unknown command.
Pikel hits you with a +1 whip of flaming!
Pikel burns you.
You see here a ruby potion.
You punch Pikel!
Pikel is heavily wounded.
Pikel closely misses you.
You hit Pikel.
Pikel is heavily wounded.
Pikel closely misses you.
You hit Pikel.
Pikel is severely wounded.
Pikel hits you with a +1 whip of flaming!
Pikel burns you.
* * * LOW HITPOINT WARNING * * *
You hit Pikel.
Pikel is almost dead.
Pikel zaps a wand.
The puff of flame hits you!
* * * LOW HITPOINT WARNING * * *
You hit Pikel.
Pikel is almost dead.
Pikel cracks his whip.
Pikel hits you with a +1 whip of flaming.
* * * LOW HITPOINT WARNING * * *
Pikel burns you.
You die...
Pikel says, "See you in Hell!"

............###.#.#
.............##.#.#
...........#..#.#.#####
#..........##.........#
#...(......##.....!...#
.)........###.........#
#..........##........!#
...........#####.######
...........# #h#
.....>.....# #K#
...........# #5#
..........## #5#
.........## .5.
.....##.## ...
#######.# ... .....


You could see Pikel (corroded) and 3 lemures.

Vanquished Creatures
  Sigmund (D:3)
  A black bear (D:5)
  An ogre (D:4)
  A lemure (D:5)
  A phantom (D:4)
  An iguana (D:5)
  2 adders
  A shadow imp (D:4)
  2 ufetubi (D:5)
  A worm (D:4)
  2 dart slugs
  7 orcs
  4 ball pythons
  4 bats
  10 endoplasms
  2 giant cockroaches
  5 goblins
  9 hobgoblins
  3 jackals (D:5)
  4 quokkas
  2 frilled lizards (D:2)
  5 kobolds
  A rat (D:3)
70 creatures vanquished.

Notes
Turn   | Place    | Note
-------+----------+-------------------------------------------
     0 | D:1      | Turgor the Draconian Shapeshifter began the quest for the
                  | Orb.
     0 | D:1      | Reached XP level 1. HP: 16/16 MP: 1/1
   489 | D:1      | Found a transporter.
   489 | D:1      | Found Raelarr's Armour Shop.
   516 | D:1      | Found a transporter.
   675 | D:1      | Reached XP level 2. HP: 23/23 MP: 2/2
  1143 | D:2      | Reached XP level 3. HP: 21/28 MP: 3/3
  1931 | D:2      | Found a runed translucent door.
  1932 | D:2      | Noticed Crazy Yiuf
  2056 | D:3      | Noticed Sigmund
  2122 | D:3      | Reached skill level 4 in Shapeshifting
  2462 | D:3      | Reached XP level 4. HP: 33/35 MP: 4/4
  2494 | D:3      | Found Jicucacvyn's Armour Shoppe.
  2724 | D:3      | Killed Sigmund
  2725 | D:3      | Reached skill level 5 in Shapeshifting
  2725 | D:3      | Reached XP level 5. HP: 25/40 MP: 5/5
  2928 | D:4      | Noticed a phantom
  2937 | D:4      | Killed a phantom
  2938 | D:4      | Reached XP level 6. HP: 34/47 MP: 6/6
  3082 | D:4      | Found a radiant altar of Vehumet.
  3239 | D:4      | Reached skill level 5 in Unarmed Combat
  3239 | D:4      | Reached skill level 6 in Shapeshifting
  3407 | D:5      | Entered Level 5 of the Dungeon
  3639 | D:5      | Your scales start taking on a golden yellow colour.
  3639 | D:5      | Reached XP level 7. HP: 37/52 MP: 7/7
  3639 | D:5      | Gained mutation: You are resistant to acid. (rCorr) [Yellow
                  | Draconian growth]
  3723 | D:5      | Noticed Pikel
  3737 | D:5      | HP: 1/52 [Pikel/+1 whip of flaming (3)]
  3737 | D:5      | Slain by Pikel

Illustrated notes

Levels and vault maps discovered:
D:1:      dpeg_arrival_central, layout_loops_corners, serial_shops,
          nicolae_shop_drivethru
D:2:      layout_basic, uniq_crazy_yiuf_cottage
D:3:      layout_loops_ring, serial_shops, shop, grunt_ministairs_2,
          uniq_sigmund
D:4:      layout_basic, fiery_altar_vehumet, corexii_item_surrounded_by_moat,
          st_stairs_9, serial_park_tiny_1, due_unseen_surprise
D:5:      layout_rooms, uniq_pikel

Skill      XL: |  1  2  3  4  5  6 |
---------------+-------------------+-----
Shapeshifting  | 4 5 6 |  6.4
Unarmed Combat | 4 5 |  5.2
Fighting       | |  1.1
Dodging        | |  1.7

Action                     |  1- 3 |  4- 6 |  7- 9 || total
---------------------------+-------+-------+-------++-------
  Melee: Unarmed           |    99 |    84 |    13 ||   196
         Tailslap          |     9 |    14 |     1 ||    24
         Punch             |       |     2 |       ||     2
  Evoke: Wand              |       |     2 |     2 ||     4
    Use: Scroll            |     3 |       |       ||     3
 Armour: Skin              |    43 |    40 |    20 ||   103
  Dodge: Dodged            |    49 |    52 |     9 ||   110

Table legend: (Time is in decaauts)
 A = Elapsed time spent in this place.
 B = Non-inter-level travel time spent in this place.
 C = Inter-level travel time spent in this place.
 D = Time resting spent in this place.
 E = Time spent auto-exploring this place.
 F = Levels seen in this place.
 G = Mean time per level.
                   A        B        C        D        E       F      G
               +--------+--------+--------+--------+--------+-----+--------+
         Total |   3729 |   3514 |    215 |      0 |   2968 |   5 |  745.8 |
       Dungeon |   3729 |   3514 |    215 |      0 |   2968 |   5 |  745.8 |
               +--------+--------+--------+--------+--------+-----+--------+

Top non-repeatable levels by time:
     D:2: 1211 daAuts
     D:1: 929 daAuts
     D:3: 689 daAuts
     D:4: 573 daAuts
     D:5: 326 daAuts
